 Dungeon Crawl Stone Soup version 0.30-a0-591-g3c58d2bc28 (webtiles) character file.

Game seed: 9995859343664127319

2405 avis the Nimble (level 9, -2/75 HPs)
             Began as a Demigod Ice Elementalist on Jan 3, 2023.
             Slain by a shadow (8 damage)
             ... on level 7 of the Dungeon on Jan 5, 2023.
             The game lasted 00:45:44 (8155 turns).

avis the Nimble (Demigod Ice Elementalist)          Turns: 8155, Time: 00:45:44

Health: -2/75      AC:  8    Str:  9    XL:     9   Next: 3%
Magic:  16/16      EV: 20    Int: 19    God:
Gold:   100        SH:  0    Dex: 26    Spells: 7/14 levels left

rFire   . . .      SeeInvis .    a - +0 scimitar
rCold   . . .      Faith    .    (no shield)
rNeg    . . .      Spirit   .    o - +0 robe "Mishif" {Int+2 Slay+2}
rPois   +          Reflect  .    (no helmet)
rElec   .          Harm     .    (no cloak)
rCorr   .          Rampage  .    (no gloves)
Will    .....                    (no boots)
Stlth   +                        (no amulet)
HPRegen 0.32/turn                x - ring of wizardry
MPRegen 0.15/turn                B - ring of poison resistance

@: confused, ice-armoured, ambrosia-drunk, freezing walls
A: high MP 1, forlorn, divine attributes
a: no special abilities


You were on level 7 of the Dungeon.
You visited 2 branches of the dungeon, and saw 8 of its levels.

You collected 415 gold pieces.
You spent 315 gold pieces at shops.

Inventory:

Hand Weapons
 a - a +0 scimitar (weapon)
 b - a +0 longbow
 i - a +2 vampiric dagger
 w - a +5 dagger of freezing
Missiles
 m - 17 poisoned darts
Armour
 k - an orb of energy
 o - the +0 robe "Mishif" (worn) {Int+2 Slay+2}
   (You found it on level 2 of the Dungeon)

   Int:       It affects your intelligence (+2).
   Slay:      It affects your accuracy & damage with ranged weapons and melee
   (+2).
Jewellery
 x - a ring of wizardry (left hand)
 B - a ring of poison resistance (right hand)
Wands
 u - a wand of iceblast (9)
 A - a wand of flame (21)
Scrolls
 d - a scroll of immolation {unknown}
 e - 2 scrolls of teleportation
 g - 2 scrolls of identify
 h - 3 scrolls of enchant armour {unknown}
 j - a scroll of enchant weapon {unknown}
 l - 2 scrolls of amnesia {unknown}
 q - 2 scrolls of torment {unknown}
 v - a scroll of fog {unknown}
 y - 2 scrolls of blinking {unknown}
 z - 3 scrolls of fear
 G - 2 scrolls of poison
 I - a scroll of vulnerability {unknown}
 J - 2 scrolls of magic mapping
Potions
 f - 2 potions of magic
 n - a potion of cancellation {unknown}
 p - a potion of brilliance
 E - 3 potions of flight
 N - a potion of berserk rage


   Skills:
 - Level 6.0 Fighting
 * Level 8.7 Dodging
 - Level 2.0 Stealth
 - Level 3.0 Spellcasting
 - Level 5.0 Ice Magic


You had 7 spell levels left.
You knew the following spells:

 Your Spells              Type           Power      Damage    Failure   Level
a - Freeze                Ice            84%        1d9       1%          1
o - Ozocubu's Armour      Ice            21%        N/A       2%          3
r - Frozen Ramparts       Ice            42%        1d7       2%          3

Your spell library contained the following spells:

 Spells                   Type           Power      Damage    Failure   Level
 Blink                    Tloc           4%         N/A       9%          2
 Summon Ice Beast         Ice/Summ       12%        N/A       21%         4
 Manifold Assault         Tloc           2%         N/A       50%         4
 Storm Form               Tmut/Air       1%         N/A       100%        7


Dungeon Overview and Level Annotations

Branches:
Dungeon (7/15)             Temple (1/1) D:6

Shops:
D:6 ?

Annotations:
D:7 1 runed translucent door


Innate Abilities, Weirdness & Mutations

You have an increased reservoir of magic. (+10% MP)
You shall have no god before yourself.
Your divine heritage dramatically boosts your attributes as you level up.


Message History

a - a +0 scimitar (weapon)
The wall freezes the gnoll sergeant.
The gnoll sergeant barely misses you.
The wall freezes the shadow but does no damage.
The shadow hits you.
You hit the shadow but do no damage.
The shadow is lightly damaged.
The wall freezes something but does no damage.
The shadow completely resists.
The wall freezes the shadow but does no damage.
The shadow misses you.
The wall freezes the gnoll sergeant.
The gnoll sergeant hits you from afar with a +0 trident.
The wall freezes something but does no damage.
You closely miss the shadow.
The shadow is lightly damaged.
The wall freezes the gnoll sergeant but does no damage.
The gnoll sergeant misses you.
The shadow completely resists.
The wall freezes the shadow but does no damage.
The shadow slips into darkness.
The shadow flickers and vanishes!
The wall freezes something but does no damage.
The wall freezes the gnoll sergeant but does no damage.
The gnoll sergeant misses you.
The wall freezes something but does no damage.
The shadow strikes at you from the darkness!
* * * LOW HITPOINT WARNING * * *
Reactivating autopickup.
You are confused.
You feel invigorated.
The wall freezes something but does no damage.
The deep elf pyromancer casts a spell.
The shadow completely resists.
The wall freezes the shadow but does no damage.
The shadow hits you.
* * * LOW HITPOINT WARNING * * *
The wall freezes the gnoll sergeant but does no damage.
The gnoll sergeant completely misses you.
The wall freezes something but does no damage.
The wall freezes the shadow but does no damage.
The shadow hits you!
You die...

.................... ..#
....#.#....#######.# #..
###......### #.# #.#
###.....# #.####.#
###...#### #.##...###.
###....### #.##.#.....
○#######...###..#.#..###
EEel{gW###...##.#.#.....
##@####......#.####
#'.##.###....#.####
#..#.#.#.####....#... #
#..#.#.#.#.##[###....##
##... #
#.#.#.#.#..'..### ...#
#.#.#.#.####..## #..#
#.#.#..####+...# #..#
#.#.#####..#...#
#..###.)####..###...#


You could see a komodo dragon, a deep elf pyromancer, 2 fire elementals, a gnoll
sergeant and a shadow.

Vanquished Creatures
  A yak (D:7)
  A wyvern (D:7)
  A steam dragon (D:7)
  A water moccasin (D:7)
  An acid dragon (D:7)
  An orc warrior (D:6)
  A black bear (D:5)
  2 sky beasts (D:7)
  An ogre (D:6)
  3 centaurs
  A kobold brigand (D:7)
  3 scorpions
  3 wights (D:5)
  2 howler monkeys (D:7)
  4 jellies
  2 orc priests
  2 hounds
  An iguana (D:6)
  5 orc wizards
  3 adders
  3 gnolls
  A shadow imp (D:4)
  A white imp (D:5)
  2 ufetubi
  2 worms
  2 dart slugs
  14 orcs
  9 ball pythons
  5 bats
  An endoplasm (D:1)
  2 giant cockroaches (D:1)
  5 goblins
  8 hobgoblins
  7 jackals
  10 kobolds
  5 quokkas
  5 frilled lizards
  8 rats
129 creatures vanquished.

Vanquished Creatures (others)
  A shadow imp (D:7)
1 creature vanquished.

Grand Total: 130 creatures vanquished

Notes
Turn   | Place    | Note
-------+----------+-------------------------------------------
     0 | D:1      | avis the Demigod Ice Elementalist began the quest for the
                  | Orb.
     0 | D:1      | Reached XP level 1. HP: 14/14 MP: 5/5
   314 | D:1      | Reached XP level 2. HP: 20/20 MP: 4/7
  1202 | D:1      | Reached skill level 1 in Fighting
  1202 | D:1      | Reached XP level 3. HP: 4/28 MP: 6/9
  1347 | D:2      | HP: 1/28 [gnoll/+0 spear (5)]
  1512 | D:2      | Reached skill level 2 in Dodging
  1526 | D:2      | Learned a level 3 spell: Frozen Ramparts
  1530 | D:2      | Learned a level 3 spell: Ozocubu's Armour
  1753 | D:2      | Identified the +0 robe "Mishif" {Int+2 Slay+2}
  1883 | D:2      | Reached XP level 4. HP: 36/36 MP: 10/10
  1908 | D:2      | Upgraded the game from 0.30-a0-586-g23e55c9e0a to
                  | 0.30-a0-591-g3c58d2bc28
  2616 | D:3      | Reached XP level 5. HP: 15/45 MP: 12/12
  3110 | D:4      | Reached skill level 3 in Dodging
  3347 | D:4      | Reached XP level 6. HP: 52/52 MP: 13/13
  4403 | D:5      | Entered Level 5 of the Dungeon
  4770 | D:5      | Reached skill level 4 in Dodging
  5578 | D:5      | Reached skill level 5 in Fighting
  5578 | D:5      | Reached XP level 7. HP: 61/61 MP: 11/14
  6000 | D:6      | Found Xepafuck's Magic Scroll Shoppe.
  6003 | D:6      | Bought a scroll of fear for 56 gold pieces
  6003 | D:6      | Bought a scroll of magic mapping for 105 gold pieces
  6003 | D:6      | Bought a scroll of teleportation for 42 gold pieces
  6003 | D:6      | Bought a scroll of poison for 56 gold pieces
  6003 | D:6      | Bought a scroll of identify for 28 gold pieces
  6003 | D:6      | Bought a scroll of identify for 28 gold pieces
  6041 | D:6      | Found a staircase to the Ecumenical Temple.
  6049 | D:6      | Reached skill level 5 in Dodging
  6228 | D:6      | Reached skill level 5 in Ice Magic
  7187 | D:6      | Reached XP level 8. HP: 70/70 MP: 9/15
  7286 | Temple   | Entered the Ecumenical Temple
  7449 | D:7      | Reached skill level 6 in Dodging
  7715 | D:7      | Noticed a troll
  7886 | D:7      | Reached skill level 7 in Dodging
  7935 | D:7      | Found a runed translucent door.
  7977 | D:7      | Reached skill level 8 in Dodging
  8143 | D:7      | Noticed a komodo dragon
  8147 | D:7      | Identified the +6 dagger "Teconga" {pain, +Blink Int+4}
  8147 | D:7      | Noticed a deep elf pyromancer
  8149 | D:7      | Reached XP level 9. HP: 29/75 MP: 12/16
  8153 | D:7      | HP: 3/75 [something (24)]
  8155 | D:7      | Slain by a shadow

Illustrated notes

Levels and vault maps discovered:
D:1:      evilmike_arrival_rings, layout_basic,
          shapermc_ecumenical_altar_totnotflames
D:2:      layout_rooms, basic_altar, hangedman_decor_clover_reticule
D:3:      layout_loops_ring
D:4:      layout_layer_cave
D:5:      layout_layer_cave, chequers_temple_overflow_statue_of_worship
D:6:      layout_gridville, minmay_temple_entry_glass, serial_shops,
          nicolae_stop_n_shop_1
D:7:      minmay_the_grid_triangle_9x9_rhombus_thin
          [minmay_the_grid_triangle_9x9_semitri,
          minmay_the_grid_triangle_9x9_prize_center,
          minmay_the_grid_triangle_9x9_subtriangle,
          minmay_the_grid_triangle_9x9_impossible_snake], layout_rooms
Temple:   mainiacjoe_temple_big_plus

Skill      XL: |  1  2  3  4  5  6  7  8 |
---------------+-------------------------+-----
Ice Magic      | 4 5 |  5.0
Spellcasting   | 2 3 |  3.0
Fighting       | 1 2 3 5 6 |  6.0
Dodging        | 2 3 4 5 8 |  8.7
Stealth        | 2 |  2.0

Action                   |  1- 3 |  4- 6 |  7- 9 || total
-------------------------+-------+-------+-------++-------
Melee: Rapier            |       |    22 |       ||    22
       Long sword        |       |     5 |    10 ||    15
       Scimitar          |       |       |    14 ||    14
       Dagger            |       |       |     5 ||     5
 Fire: Sling             |    68 |    15 |       ||    83
       Longbow           |       |    62 |    84 ||   146
 Cast: Freeze            |    54 |       |       ||    54
       Frozen Ramparts   |       |    10 |    21 ||    31
       Ozocubu's Armour  |       |     9 |    22 ||    31
  Use: Potion            |       |     1 |     4 ||     5
       Scroll            |       |       |     8 ||     8
Armor: Robe              |     7 |    16 |    28 ||    51
Dodge: Dodged            |    62 |    35 |   100 ||   197

Table legend: (Time is in decaauts)
 A = Elapsed time spent in this place.
 B = Non-inter-level travel time spent in this place.
 C = Inter-level travel time spent in this place.
 D = Time resting spent in this place.
 E = Time spent auto-exploring this place.
 F = Levels seen in this place.
 G = Mean time per level.
                   A        B        C        D        E       F      G
               +--------+--------+--------+--------+--------+-----+--------+
         Total |   8290 |   7633 |    657 |   2074 |   4120 |   8 | 1036.2 |
       Dungeon |   8274 |   7617 |    657 |   2074 |   4120 |   7 | 1182.0 |
        Temple |     15 |     15 |      0 |      0 |      0 |   1 |   15.0 |
               +--------+--------+--------+--------+--------+-----+--------+

Top non-repeatable levels by time:
     D:5: 1563 daAuts
     D:4: 1463 daAuts
     D:1: 1377 daAuts
     D:6: 1361 daAuts
     D:3: 1008 daAuts
     D:7: 789 daAuts
     D:2: 709 daAuts
  Temple: 15 daAuts
